 Dungeon Crawl Stone Soup version 0.29.0-4-gdea44cf6ec (webtiles) character file.

Game seed: 13387918545010406681

18 qw the Sneak (level 2, -3/14 HPs)
             Began as a Felid Delver on Aug 27, 2022.
             Slain by a necrophage (7 damage)
             ... on level 5 of the Dungeon.
             The game lasted 00:00:00 (106 turns).

qw the Sneak (Felid Delver)                          Turns: 106, Time: 00:00:00

Health: -3/14      AC:  1    Str:  8    XL:     2   Next: 51%
Magic:  3/3        EV: 17    Int: 11    God:
Gold:   13         SH:  0    Dex: 17    Spells: 1/1 levels left
                                        Lives:  0   Deaths: 0

rFire   . . .      SeeInvis +     - Unarmed
rCold   . . .      Faith    .   (shield unavailable)
rNeg    . . .      Spirit   .   (body armour unavailable)
rPois   .          Reflect  .   (helmet unavailable)
rElec   .          Harm     .   (cloak unavailable)
rCorr   .          Rampage  .   (gloves unavailable)
Will    .....                   (boots unavailable)
Stlth   +++.......              (no amulet)
HPRegen 0.04/turn               (no ring)
MPRegen 0.08/turn               (no ring)

@: quick
A: very small, claws 1, fangs 3, see invisible, speed 1, shaggy fur 1, stealthy
paws, no weapons or thrown items, no armour, multi-lived
a: no special abilities


You were on level 5 of the Dungeon.
You visited 1 branch of the dungeon, and saw 1 of its levels.

You collected 13 gold pieces.


Innate Abilities, Weirdness & Mutations

You have sharp claws.
You have razor-sharp teeth.
You have supernaturally acute eyesight. (SInv)
You cover ground quickly. (Speed+)
You are covered in fur. (AC +1)
Your paws help you pounce on unaware monsters.
You are incapable of wielding weapons or throwing items.
You cannot wear armour.
You gain extra lives every three experience levels.


   Skills:
 - Level 3.0 Fighting
 + Level 2.6 Dodging
 - Level 6.6 Stealth
 - Level 3.2 Unarmed Combat


You had one spell level left.
You didn't know any spells.
Your spell library was empty.

Inventory:

Wands
 e - a wand of digging (3)
Scrolls
 a - a scroll of fog
 b - a scroll of magic mapping
 c - a scroll of fear
Potions
 d - a potion of haste

Dungeon Overview and Level Annotations

Branches:
Dungeon (5/15)
 Temple: D:4-7

Altars:


Message History

The adder completely misses you.
You closely miss the adder.
The adder is lightly wounded.
The adder bites you but does no damage.
You miss the adder.
The adder is lightly wounded.
The adder bites you.
You are poisoned.
The adder poisons you! The adder barely misses you.
You scratch the adder. Your bite misses the adder.
The adder is moderately wounded.
You feel sick. The adder barely misses you.
You barely miss the adder.
The adder is moderately wounded.
You feel sick. The adder closely misses you.
You scratch the adder.
The adder is moderately wounded.
You feel sick. The adder barely misses you.
You closely miss the adder.
The adder is moderately wounded.
You feel sick. The adder barely misses you. The adder closely misses you.
You claw the adder! Your bite misses the adder.
The adder is almost dead.
You feel sick.
You are no longer poisoned.
The adder bites you.
You scratch the adder.
You kill the adder!
Your Unarmed Combat skill increases to level 3!
You start resting.
A necrophage comes into view.
100 ||| Stepping ~*~*~tactically~*~*~ (stealth).
You start resting.
A necrophage is nearby!
You start resting.
A necrophage is nearby!
You scratch the necrophage but do no damage.
The necrophage hits you!
Ouch! That really hurt!
You die...

.# .# ## .# #. ..# ###
#. ..# #.. .. ##.# #.#
#. #..# #.# #. n #
###..########.###.
....#.#@................
#.....n....########.###.
##......#......####.# #.
....#.#.#......%....###.
#..$...........####.....
##.##.#..#####.# #.####
# #..........# #.# #
............# #.# #
...#..######.# #.# #


You could see a necrophage.

Vanquished Creatures
  2 adders (D:5)
2 creatures vanquished.

Notes
Turn   | Place    | Note
-------+----------+-------------------------------------------
     0 | D:5      | qw the Felid Delver began the quest for the Orb.
     0 | D:5      | Reached XP level 1. HP: 10/10 MP: 2/2
     0 | D:5      | 0 ||| qw: Version: 0.1-a-89-g26bdef1
     0 | D:5      | 0 ||| qw: Game counter: 107
     0 | D:5      | 0 ||| qw: Always use a shield: true
     0 | D:5      | 0 ||| qw: God list: Okawaru, Trog
     0 | D:5      | 0 ||| qw: Allow faded altars: false
     0 | D:5      | 0 ||| qw: Do Orc after D:15 true
     0 | D:5      | 0 ||| qw: Do second Lair branch before Depths: true
     0 | D:5      | 0 ||| qw: Lair rune preference: random
     0 | D:5      | 0 ||| qw: Plans: Normal
     0 | D:5      | 0 ||| PLANNING D:1-11
    29 | D:5      | Reached XP level 2. HP: 13/14 MP: 3/3
    70 | D:5      | HP: 3/14 [adder (3)]
    72 | D:5      | Reached skill level 3 in Unarmed Combat
    99 | D:5      | Noticed a necrophage
   100 | D:5      | 100 ||| Stepping ~*~*~tactically~*~*~ (stealth).
   106 | D:5      | Slain by a necrophage

Levels and vault maps discovered:
D:5:      layout_basic

Skill      XL: |  1  2 |
---------------+-------+-----
Unarmed Combat | 3 |  3.2
Fighting       | |  3.0
Dodging        | |  2.6
Stealth        | |  6.6

Action                   || total
-------------------------++-------
Melee: Unarmed           ||    14
Armor: Skin              ||     1
Dodge: Dodged            ||    11

Table legend:
 A = Non-vault XP
 B = Vault XP
 C = Vault XP percentage of total XP
 D = Non-vault monster count
 E = Vault monster count
 F = Vault count percentage of total count
                 A         B        C        D         E       F
            +---------+---------+-------+---------+---------+-------
      Total |      27 |       0 |   0.0 |       2 |       0 |   0.0
            +---------+---------+-------+---------+---------+-------
        D:5 |      27 |       0 |   0.0 |       2 |       0 |   0.0
            +---------+---------+-------+---------+---------+-------
